AoeStats
← Valius

Arena

504163851Analyzed
3v3 RM · 29d ago on Sep 4, 2026· 53m 14s· 6 players
Game mode
Random Map
Map size
Normal (6 player)
Population
200
Speed
Normal
Resources
Standard
Victory
Conquest
Starting age
Dark Age
Ending age
Imperial Age
RankedLock teamsTeams togetherTeam positionsShared explorationLock speedFull tech treeHidden civsTurbo modeCheats
Victory
Defeat
🇰🇿 Sicilians · Kazakhstan
753
+14
🇮🇩 Malians · Indonesia
732
+15
🇮🇳 Slavs · India
659
+18
🇲🇽 Franks · Mexico
787
-20
🇰🇪 Japanese · Kenya
692
-15
🇬🇧 Teutons · United Kingdom
633
-12
BlueGuardian
9:02 Loom
11:17 Feudal Age
11:50 Double-Bit Axe
11:48 Horse Collar
12:02 Man-at-Arms
20:14 Castle Age
19:04 Gold Mining
19:07 Fletching
20:07 Wheelbarrow
21:12 Bow Saw
20:49 Crossbowman
22:09 Heavy Plow
23:58 Padded Archer Armor
26:24 Bodkin Arrow
26:53 Ballistics
27:58 Stone Mining
33:13 Imperial Age
31:35 Bloodlines
31:27 Husbandry
32:33 Thumb Ring
32:51 Forging
32:47 Scale Barding Armor
33:36 Hand Cart
34:07 Leather Archer Armor
33:23 Arbalester
35:08 Gold Shaft Mining
35:32 Conscription
36:26 Ring Archer Armor
38:08 Chemistry
39:36 Cavalier
43:54 Iron Casting
47:22 Farimba
48:58 Chain Barding Armor
48:43 Caravan
Valius
0:38 Loom
14:14 Feudal Age
18:07 Castle Age
17:01 Double-Bit Axe
17:17 Gold Mining
18:28 Horse Collar
23:03 Bow Saw
26:22 Gold Shaft Mining
26:58 Heavy Plow
28:20 Wheelbarrow
28:08 Forging
27:59 Stone Mining
30:08 Iron Casting
30:11 Stone Shaft Mining
32:38 Imperial Age
31:29 Scale Mail Armor
32:47 Chain Mail Armor
32:54 First Crusade
32:38 Murder Holes
33:18 Ballistics
32:53 Fletching
33:23 Hand Cart
34:51 Crop Rotation
35:16 Conscription
35:42 Squires
35:27 Arson
35:28 Gambesons
37:32 Blast Furnace
36:45 Husbandry
36:41 Elite Serjeant
37:56 Plate Mail Armor
38:15 Bloodlines
38:43 Caravan
38:09 Cavalier
39:11 Scale Barding Armor
39:48 Town Watch
40:34 Chain Barding Armor
40:11 Bodkin Arrow
43:13 Pikeman
45:35 Plate Barding Armor
45:03 Bracer
45:20 Masonry
46:57 Chemistry
47:00 Hauberk
48:54 Town Patrol
49:14 Guilds
vinayrayal92
2:48 Loom
13:28 Feudal Age
15:06 Double-Bit Axe
15:05 Horse Collar
23:15 Castle Age
22:24 Bloodlines
24:06 Bow Saw
24:00 Heavy Plow
26:45 Stone Mining
26:50 Gold Mining
27:18 Forging
27:14 Scale Barding Armor
27:12 Scale Mail Armor
34:15 Imperial Age
33:07 Ballistics
33:00 Fortified Wall
32:47 Murder Holes
33:05 Husbandry
32:38 Pikeman
33:19 Squires
33:51 Detinets
34:57 Fletching
34:47 Capped Ram
35:45 Caravan
36:43 Wheelbarrow
35:53 Town Watch
36:19 Bodkin Arrow
37:01 Iron Casting
36:48 Chain Barding Armor
36:44 Chain Mail Armor
38:21 Gold Shaft Mining
37:30 Man-at-Arms
37:39 Cavalier
39:24 Blast Furnace
40:44 Plate Mail Armor
40:50 Plate Barding Armor
40:35 Masonry
43:28 Halberdier
45:42 Chemistry
48:58 Hoardings
51:50 Long Swordsman
1VPV1
2:57 Loom
11:38 Feudal Age
13:04 Horse Collar
14:54 Double-Bit Axe
18:43 Stone Mining
22:55 Castle Age
20:55 Gold Mining
22:05 Fletching
22:06 Man-at-Arms
24:15 Heavy Plow
25:22 Bow Saw
26:41 Wheelbarrow
26:36 Bodkin Arrow
28:31 Town Watch
34:24 Imperial Age
33:46 Hand Cart
33:57 Fortified Wall
33:51 Squires
33:12 Long Swordsman
33:15 Pikeman
36:14 Chemistry
35:36 Ballistics
37:12 Two-Man Saw
36:43 Guilds
37:00 Forging
37:31 Cavalier
38:21 Bloodlines
40:16 Conscription
41:13 Paladin
42:23 Town Patrol
45:56 Scale Barding Armor
46:27 Iron Casting
45:53 Scale Mail Armor
48:16 Hoardings
48:16 Crop Rotation
47:56 Caravan
Campos1372
8:51 Loom
11:46 Feudal Age
12:20 Double-Bit Axe
18:04 Castle Age
16:45 Stone Mining
19:27 Wheelbarrow
28:07 Gold Mining
28:28 Light Cavalry
32:57 Imperial Age
33:01 Bow Saw
33:37 Husbandry
33:01 Elite Skirmisher
33:06 Pikeman
33:46 Squires
33:33 Arson
35:59 Gold Shaft Mining
36:01 Scale Barding Armor
35:57 Scale Mail Armor
35:42 Cavalier
35:52 Halberdier
37:51 Chemistry
37:13 Ballistics
37:55 Chain Barding Armor
37:46 Forging
37:51 Chain Mail Armor
37:36 Murder Holes
49:23 Chivalry
jorh.choxxy
0:41 Loom
12:04 Feudal Age
13:08 Town Watch
16:36 Double-Bit Axe
19:00 Horse Collar
22:29 Castle Age
21:07 Wheelbarrow
21:08 Man-at-Arms
21:37 Arson
24:21 Pikeman
24:23 Long Swordsman
25:42 Town Patrol
26:34 Squires
26:20 Gambesons
27:26 Murder Holes
29:34 Masonry
30:13 Bow Saw
29:53 Elite Skirmisher
29:58 Crossbowman
31:44 Heavy Plow
32:51 Fortified Wall
35:35 Imperial Age
34:13 Caravan
35:04 Scale Mail Armor
35:15 Forging
35:57 Yasama
36:46 Kataparuto
36:00 Capped Ram
36:58 Yasama
39:03 Heavy Scorpion
40:42 Onager
41:42 Hand Cart
44:54 Hoardings
48:12 Elite Samurai
Connection lost

Rejoining the realm…

Still unreachable

The connection could not be restored.

Session expired

The server has moved on; the page needs a fresh start.